 Dungeon Crawl Stone Soup version 0.26.1-11-gd32895ea62 (webtiles) character file.

Game seed: 4186170156598527665

499 pcat the Magician (level 6, -14/35 HPs)
             Began as a Deep Elf Air Elementalist on May 24, 2021.
             Killed from afar by Ijyb (17 damage)
             ... with an iceblast
             ... on level 4 of the Dungeon.
             The game lasted 00:16:56 (5280 turns).

pcat the Magician (Deep Elf Air Elementalist)       Turns: 5280, Time: 00:16:57

Health: -14/35     AC:  3    Str:  5    XL:     6   Next: 94%
Magic:  5/16       EV: 13    Int: 22    God:
Gold:   265        SH:  0    Dex: 15    Spells: 11/16 levels left

rFire    . . .     SeeInvis .   h - +2 dagger (speed)
rCold    . . .     Faith    .   (no shield)
rNeg     . . .     Spirit   .   a - +0 robe
rPois    .         Reflect  .   s - +0 helmet
rElec    .         Harm     .   (no cloak)
rCorr    .         Rampage  .   (no gloves)
Will     .....                  (no boots)
Stlth    +++.......             (no amulet)
HPRegen  0.11/turn              o - ring of stealth
MPRegen  0.15/turn              (no ring)

@: no status effects
A: no striking features
a: no special abilities


You were on level 4 of the Dungeon.
You visited 1 branch of the dungeon, and saw 4 of its levels.

You collected 265 gold pieces.

Inventory:

Hand Weapons
 h - a +2 dagger of speed (weapon)
Missiles
 g - 98 stones
 r - a throwing net
Armour
 a - a +0 robe (worn)
 s - a +0 helmet (worn)
Jewellery
 o - a ring of stealth (left hand)
 x - a +4 ring of protection {unknown}
Scrolls
 d - a scroll of blinking {unknown}
 i - 6 scrolls of identify {unknown}
 k - a scroll of amnesia {unknown}
 m - a scroll of noise {unknown}
 n - a scroll of remove curse {unknown}
 p - 2 scrolls of enchant weapon {unknown}
 q - a scroll of teleportation {unknown}
 t - a scroll of enchant armour {unknown}
 v - a scroll of fear {unknown}
 w - a scroll of fog {unknown}
 y - a scroll of magic mapping {unknown}
Potions
 b - 2 potions of curing
 c - a potion of brilliance {unknown}
 e - 4 potions of heal wounds {unknown}
 f - 2 potions of might {unknown}
 j - a potion of haste {unknown}
 l - a potion of invisibility {unknown}
 u - a potion of degeneration {unknown}


   Skills:
 + Level 2.0 Fighting
 - Level 2.4 Dodging
 - Level 2.4 Stealth
 * Level 5.9 Spellcasting
 * Level 3.8 Conjurations
 * Level 5.1 Air Magic


You had 11 spell levels left.
You knew the following spells:

 Your Spells              Type           Power        Failure   Level
a - Shock                 Conj/Air       100%         1%          1
b - Airstrike             Air            14%          11%         4

Your spell library contained the following spells:

 Spells                   Type           Power        Failure   Level
 Swiftness                Air            29%          1%          2
 Static Discharge         Conj/Air       26%          4%          3
 Summon Small Mammal      Summ           24%          10%         1
 Call Imp                 Summ           6%           14%         2
 Call Canine Familiar     Summ           6%           28%         3
 Summon Guardian Golem    Hex/Summ       6%           28%         3
 Summon Lightning Spire   Summ/Air       17%          32%         4
 Lightning Bolt           Conj/Air       13%          38%         5
 Summon Ice Beast         Ice/Summ       6%           67%         4


Dungeon Overview and Level Annotations

Branches:
Dungeon (4/15)
 Temple: D:4-7

Altars:

Annotations:
D:4 Edmund, Ijyb


Message History

Press: ? - help, Dir - move target, f/p - Ijyb
Aim: Ijyb, wielding a +0 club, wearing a +0 chain mail and carrying a wand of iceblast (5) (moderately wounded)
The air twists around and strikes Ijyb!
Ijyb is severely wounded.
The leopard gecko bites you. Ijyb hits you but does no damage.
Edmund the Younger comes into view.
He is wielding a +2 flail of protection.
Okay, then.
The leopard gecko bites you.
Found a stone staircase leading down.
Ijyb shouts!
Ijyb zaps a wand.
The mass of ice explodes!
The iceblast engulfs the leopard gecko!
The leopard gecko dies!
The iceblast engulfs you!
* * * LOW HITPOINT WARNING * * *
You hear a shout! x2
Found 18 gold pieces.
Ijyb grins evilly.
Ijyb zaps a wand.
The mass of ice explodes!
The iceblast engulfs you!
You die...

.. ..#.... .# ... ..#.#.##.#
#... #.#.#....#
#....#.#g#.##.# #
.......#>.....##.#
........##.......#
##.##.#.....@...###### ...
#...####.......########
.........###$...@.##........#
...##.##. #.#.##.##..#####.#
...... ..
#.#.##......####.##### ..##.
>## # #.........#......... #
# .. #.#.##.#....#.##.####.
#...# #.#....>.........#....
#...# #...)..#.#########..#.
#...# ###)##.#.# #..#. #...#
##)##.#.# #..#.


You could see Edmund and Ijyb.

Vanquished Creatures
  Eustachio (D:4)
  2 orc priests (D:3)
  An iguana (D:3)
  3 worker ants (D:4)
  4 gnolls (D:2)
  4 adders
  An adder skeleton (D:4)
  2 worms (D:2)
  A dart slug (D:3)
  6 leopard geckos
  11 orcs
  2 ball pythons
  3 giant cockroaches
  11 goblins
  6 hobgoblins
  8 jackals
  8 kobolds
  2 quokkas
  16 bats
  4 frilled lizards
  6 rats
102 creatures vanquished.

Vanquished Creatures (others)
  A leopard gecko (D:4)
  3 plants (D:1)
4 creatures vanquished.

Grand Total: 106 creatures vanquished

Notes
Turn   | Place    | Note
-------+----------+-------------------------------------------
     0 | D:1      | pcat the Deep Elf Air Elementalist began the quest for the
                  | Orb.
     0 | D:1      | Reached XP level 1. HP: 10/10 MP: 6/6
   293 | D:1      | Reached XP level 2. HP: 15/15 MP: 6/8
  1349 | D:1      | Reached XP level 3. HP: 17/20 MP: 8/10
  2499 | D:2      | You fall into a shaft and drop 2 floors!
  2508 | D:4      | Noticed Eustachio
  2581 | D:3      | Reached XP level 4. HP: 23/24 MP: 12/12
  2672 | D:2      | Reached skill level 1 in Fighting
  3227 | D:3      | Reached XP level 5. HP: 29/29 MP: 9/13
  3957 | D:3      | Reached skill level 5 in Spellcasting
  4385 | D:3      | Reached XP level 6. HP: 34/34 MP: 10/15
  4761 | D:4      | Learned a level 4 spell: Airstrike
  5082 | D:4      | Killed Eustachio
  5083 | D:4      | Reached skill level 5 in Air Magic
  5269 | D:4      | Noticed Ijyb
  5273 | D:4      | Noticed Edmund
  5280 | D:4      | Killed from afar by Ijyb

Illustrated notes

Levels and vault maps discovered:
D:1:      scummos_arrival_simple_fountains, layout_loops_ring, serial_forest,
          infiniplex_forest_lined_room_, infiniplex_forest_lined_2,
          infiniplex_forest_clump_long, infiniplex_forest_zigzag_2,
          infiniplex_forest_clump_small, infiniplex_forest_end_3,
          infiniplex_forest_straight_2, st_stairs_8
D:2:      layout_basic
D:3:      layout_loops_corners
D:4:      layout_loops_cross, minmay_door_square, uniq_ijyb, uniq_eustachio,
          uniq_edmund

Skill      XL: |  1  2  3  4  5  6 |
---------------+-------------------+-----
Spellcasting   | 4 5 |  5.9
Air Magic      | 4 5 |  5.1
Fighting       | 1 2 |  2.0
Conjurations   | 2 3 |  3.8
Dodging        | |  2.4
Stealth        | |  2.4

Action                   |  1- 3 |  4- 6 || total
-------------------------+-------+-------++-------
Melee: Unarmed           |     1 |       ||     1
       Dagger            |    27 |    38 ||    65
 Cast: Shock             |    85 |    83 ||   168
       Airstrike         |       |    10 ||    10
  Use: Potion            |     1 |       ||     1
 Stab: Sleeping          |     2 |     8 ||    10
       Distracted        |       |     1 ||     1
Armor: Robe              |    13 |    12 ||    25
Dodge: Dodged            |    69 |    42 ||   111
